[Event "Titled Tuesday Blitz April 19 Early 2022"]
[White "Seo, Jung Min"]
[Black "Aroesti, Roee"]
[WhiteFideId "1734687"]
[BlackFideId "2817144"]
[WhiteElo "2401"]
[BlackElo "2068"]
[Result "1/2-1/2"]
[Round "09"]
[TimeControl "180+1"]
[Date "2022.04.19"]
[WhiteClock "0:01:08"]
[BlackClock "0:00:07"]

1. d4 d5 2. c4 e6 3. Nf3 Nf6 4. Nc3 c6 5. Bg5 Nbd7 6. e3 Be7 7. Bd3 O-O 8. O-O b6 9. Rc1 Bb7 10. cxd5 cxd5 11. Qc2 h6 12. Bh4 Rc8 13. Qb1 Nb8 14. Ne5 Nfd7 15. Bxe7 Qxe7 16. Nf3 Nc6 17. Rfd1 Nf6 18. Bf1 Na5 19. Ne2 Qd7 20. Ne5 Qe7 21. Nf4 Nd7 22. Nf3 Nf6 23. Nd3 Nc4 24. b3 Nd6 25. Qb2 Rxc1 26. Rxc1 Nde4 27. Nfe5 Qd6 28. f3 Ng5 29. h4 Ngh7 30. Kf2 Rc8 31. Rxc8+ Bxc8 32. Qc3 Bb7 33. g4 Nf8 34. g5 hxg5 35. hxg5 N6d7 36. f4 Nxe5 37. Nxe5 Nd7 38. Nf3 g6 39. Bb5 Nb8 40. Ne5 Kg7 41. Qc1 Qe7 42. Ng4 Qd8 43. Nf6 a6 44. Be2 Nd7 45. Ng4 Qc8 46. Qh1 Qh8 47. Qe1 Qh4+ 48. Kf1 Qh1+ 49. Kf2 Qh4+ 50. Kf1 Qh1+ 51. Kf2 Qh4+ 1/2-1/2


[Site "https://www.chess.com"]

[Event "Titled Tuesday Blitz April 19 Early 2022"]
[White "Sharafiev, Azat"]
[Black "Shipov, Sergei"]
[WhiteFideId "4186214"]
[BlackFideId "4113624"]
[WhiteElo "2299"]
[BlackElo "2765"]
[Result "1/2-1/2"]
[Round "09"]
[TimeControl "180+1"]
[Date "2022.04.19"]
[WhiteClock "0:00:39"]
[BlackClock "0:00:15"]

1. d4 d5 2. Nf3 e6 3. Bf4 Bd6 4. Bg3 Nf6 5. e3 c5 6. c3 O-O 7. Bd3 Qc7 8. Nbd2 Nbd7 9. Bxd6 Qxd6 10. e4 cxd4 11. Nxd4 Nc5 12. Qe2 dxe4 13. Nxe4 Nxd3+ 14. Qxd3 Nxe4 15. Qxe4 e5 16. Nf5 Bxf5 17. Qxf5 Rad8 18. O-O Rd7 19. g3 Rfd8 20. Rfe1 f6 21. Re2 Qc6 22. Qe4 Qxe4 23. Rxe4 Rd2 24. Rb4 b6 25. a4 Rc2 26. a5 bxa5 27. Rb7 Rdd2 28. Rxa5 Rxf2 29. Raxa7 Rg2+ 30. Kf1 Rgf2+ 31. Ke1 Rfe2+ 32. Kf1 Rf2+ 33. Ke1 Rfe2+ 34. Kf1 Rf2+ 1/2-1/2


[Site "https://www.chess.com"]

[Event "Titled Tuesday Blitz April 19 Early 2022"]
[White "Shimanov, Aleksandr"]
[Black "Aradhya, Garg"]
[WhiteFideId "4198603"]
[BlackFideId "25006746"]
[WhiteElo "2636"]
[BlackElo "2169"]
[Result "1-0"]
[Round "09"]
[TimeControl "180+1"]
[Date "2022.04.19"]
[WhiteClock "0:00:42"]
[BlackClock "0:00:46"]

1. d4 d5 2. Nc3 Nf6 3. Bf4 c5 4. e4 Nxe4 5. Nxe4 dxe4 6. dxc5 Qa5+ 7. c3 Qxc5 8. Qa4+ Nc6 9. Qxe4 Bf5 10. Qa4 O-O-O 11. Nf3 Qa5 12. Qb3 Be6 13. Bc4 Bxc4 14. Qxc4 Qd5 15. Qe2 Qd3 16. Qxd3 Rxd3 17. Ke2 Rd7 18. Rhd1 Rxd1 19. Rxd1 f6 20. Nd4 Nxd4+ 21. cxd4 e6 22. Rc1+ Kd8 23. Bg3 h5 24. h4 g5 25. hxg5 fxg5 26. Rc7 h4 27. Be5 h3 28. gxh3 Rxh3 29. Rxb7 Rh1 30. Rxa7 Rb1 31. Rb7 g4 32. a4 Ra1 33. b3 Ra2+ 34. Kf1 Be7 35. Rb8+ Kd7 36. Rg8 Bh4 37. Rxg4 Bxf2 38. Rg2 Ra3 39. Rxf2 Rxb3 40. Ra2 Kc6 41. a5 Rb8 42. a6 Ra8 43. Ke2 Kb6 44. a7 Rxa7 45. Rxa7 Kxa7 46. Kf3 Kb7 47. Kg4 Kc6 48. Kg5 Kd7 49. Kf6 Ke8 50. Kxe6 Kf8 51. d5 Kg8 52. d6 Kh7 53. d7 Kg6 54. d8=Q Kh7 55. Qh4+ Kg6 56. Qg4+ Kh6 57. Bf4+ Kh7 58. Qh5+ Kg8 59. Qg6+ Kh8 60. Be5# 1-0


[Site "https://www.chess.com"]

[Event "Titled Tuesday Blitz April 19 Early 2022"]
[White "Shimelkov, Vasiliy"]
[Black "Bachmann, Axel"]
[WhiteFideId "13701630"]
[BlackFideId "3700488"]
[WhiteElo "2073"]
[BlackElo "2587"]
[Result "1-0"]
[Round "09"]
[TimeControl "180+1"]
[Date "2022.04.19"]
[WhiteClock "0:00:34"]
[BlackClock "0:00:01"]

1. d4 Nf6 2. Nf3 g6 3. c4 Bg7 4. Nc3 O-O 5. e4 d6 6. Be2 Na6 7. O-O e5 8. Qc2 Bg4 9. Be3 c6 10. Rfd1 Qe7 11. h3 Bxf3 12. Bxf3 Rfd8 13. Be2 exd4 14. Bxd4 Nc5 15. Bf3 Ne6 16. Be3 Nd7 17. Be2 a5 18. Qd2 Ndc5 19. f4 Bxc3 20. Qxc3 Nxe4 21. Qc2 Ng3 22. Bf3 Nf5 23. Bf2 Nxf4 24. Re1 Qf6 25. Bg4 Nd4 26. Qd2 Nfe6 27. Rad1 c5 28. Be3 h5 29. Rf1 Qe5 30. Bf3 Nxf3+ 31. Rxf3 Rd7 32. Bf2 b6 33. b3 Re8 34. Rd3 Nf4 35. Re3 Qg5 36. Rxe8+ Kh7 37. Be3 Nxh3+ 38. Kh2 Qg4 39. gxh3 Qf5 40. Qf2 Qxf2+ 41. Bxf2 Kg7 42. Bg3 1-0


[Site "https://www.chess.com"]

[Event "Titled Tuesday Blitz April 19 Early 2022"]
[White "Shuvalov, Evgenij"]
[Black "Silva Lucena, Cristian"]
[WhiteFideId "4187237"]
[BlackFideId "2232588"]
[WhiteElo "2130"]
[BlackElo "2223"]
[Result "1-0"]
[Round "09"]
[TimeControl "180+1"]
[Date "2022.04.19"]
[WhiteClock "0:01:33"]
[BlackClock "0:02:12"]

1. Nf3 Nf6 2. c4 g6 3. Nc3 Bg7 4. e4 d6 5. d4 Bg4 6. Be2 O-O 7. Be3 Nfd7 8. Ng1 Bxe2 9. Ngxe2 Nc6 10. O-O e5 11. d5 Ne7 12. f3 a5 13. a3 f5 14. b4 f4 15. Bf2 b6 16. c5 g5 17. cxd6 cxd6 18. Nb5 Rf6 19. Rc1 Rg6 20. Rc6 g4 21. fxg4 Rxg4 22. Nec3 Nf6 23. Rxd6 Qe8 24. Rxf6 1-0


[Site "https://www.chess.com"]

[Event "Titled Tuesday Blitz April 19 Early 2022"]
[White "Shyaamnikhil P"]
[Black "Kamsky, Gata"]
[WhiteFideId "5024218"]
[BlackFideId "2000024"]
[WhiteElo "2329"]
[BlackElo "2645"]
[Result "1/2-1/2"]
[Round "09"]
[TimeControl "180+1"]
[Date "2022.04.19"]
[WhiteClock "0:00:16"]
[BlackClock "0:00:16"]

1. e4 e5 2. Nf3 Nc6 3. Bb5 Nf6 4. O-O Nxe4 5. d4 Nd6 6. Bxc6 dxc6 7. dxe5 Nf5 8. Qxd8+ Kxd8 9. Rd1+ Ke8 10. h3 Ne7 11. Nc3 Ng6 12. Ne2 Be7 13. Bg5 Bxg5 14. Nxg5 Nxe5 15. Ng3 f6 16. Re1 h6 17. Nf3 Kf7 18. Nxe5+ fxe5 19. Rxe5 Be6 20. Rae1 Rhe8 21. a3 Rad8 22. f4 Rd2 23. R1e2 Rxe2 24. Rxe2 Rd8 25. Ne4 b6 26. Rd2 Re8 27. Nc3 g5 28. fxg5 hxg5 29. Rf2+ Kg6 30. Re2 Kf7 31. Rf2+ Kg6 32. Re2 Kf7 33. Ne4 Rg8 34. Rf2+ Ke7 35. g4 Bd5 36. Nf6 Rg6 37. Nxd5+ cxd5 38. Rf5 Ke6 39. Kg2 c5 40. c3 Kd6 41. Kg3 Kc6 42. a4 d4 43. cxd4 cxd4 44. Kf2 Rh6 45. Ke2 Rxh3 46. b4 Ra3 47. a5 Ra4 48. axb6 axb6 49. b5+ Kd6 50. Rxg5 Ra3 51. Kd2 Rg3 52. Ke2 Rb3 53. Kd2 Rg3 54. Ke2 Rb3 55. Kd2 Rg3 1/2-1/2


[Site "https://www.chess.com"]

[Event "Titled Tuesday Blitz April 19 Early 2022"]
[White "Simonovic, Miroslav"]
[Black "Petrova, Irina"]
[WhiteFideId "919152"]
[BlackFideId "14124122"]
[WhiteElo "2043"]
[BlackElo "1993"]
[Result "1-0"]
[Round "09"]
[TimeControl "180+1"]
[Date "2022.04.19"]
[WhiteClock "0:00:07"]
[BlackClock "0:00:01"]

1. d4 d6 2. Bg5 g6 3. h4 h5 4. e3 Bg7 5. Bd3 Nd7 6. c4 c5 7. Ne2 Ngf6 8. Qc2 cxd4 9. exd4 O-O 10. Nbc3 d5 11. cxd5 Nb6 12. Nf4 Nfxd5 13. Nfxd5 Nxd5 14. O-O Nb4 15. Qe2 Nxd3 16. Qxd3 Bf5 17. Qd2 Re8 18. Rad1 Rc8 19. Rfe1 Qd7 20. Be3 Rc4 21. Qe2 Rec8 22. d5 b5 23. a4 b4 24. Nb5 Rc2 25. Rd2 Rxd2 26. Qxd2 Rc2 27. Qxb4 Qxd5 28. Nc3 Qd7 29. Qb8+ Kh7 30. Bc5 e6 31. Qxa7 Qxa7 32. Bxa7 Rxb2 33. Nb5 Ra2 34. Nd6 Rxa4 35. Nxf5 Rxa7 36. Ne3 Bd4 37. Nc4 Ra2 38. Rf1 Kg7 39. Ne3 Bxe3 40. fxe3 f5 41. Rf3 Kf6 42. Kh2 e5 43. Kg3 Ra3 44. Kf2 e4 45. Rg3 Ra2+ 46. Ke1 Rb2 47. Kf1 Rc2 48. Rh3 1-0


[Site "https://www.chess.com"]

[Event "Titled Tuesday Blitz April 19 Early 2022"]
[White "Sjugirov, Sanan"]
[Black "Gabdrakhmanov, Azat"]
[WhiteFideId "4189302"]
[BlackFideId "34189197"]
[WhiteElo "2602"]
[BlackElo "2279"]
[Result "1-0"]
[Round "09"]
[TimeControl "180+1"]
[Date "2022.04.19"]
[WhiteClock "0:00:11"]
[BlackClock "0:00:13"]

1. e4 c5 2. Nc3 e6 3. Nf3 a6 4. d4 cxd4 5. Nxd4 Qc7 6. Bd3 Nf6 7. f4 d6 8. Qe2 Nbd7 9. g4 e5 10. Nf5 g6 11. Ne3 exf4 12. Ned5 Nxd5 13. Nxd5 Qd8 14. Bxf4 Ne5 15. Bxe5 dxe5 16. O-O-O Bc5 17. Kb1 O-O 18. h4 Be6 19. g5 Bxd5 20. exd5 e4 21. Bxe4 Qd6 22. h5 Rae8 23. Qg4 Qe5 24. Bd3 Be3 25. hxg6 fxg6 26. d6 b5 27. c3 Qxg5 28. Qh3 h5 29. Bc2 Rd8 30. Rd5 Qxd5 31. Bb3 Qxb3 32. axb3 Bf4 33. Qe6+ Kg7 34. d7 Bg5 35. Rg1 Bf6 36. Qf5 g5 37. Rh1 h4 38. Rg1 Rf7 39. Rxg5+ Kf8 40. Rg6 Ke7 41. Rg4 Rxd7 42. Re4+ Kf8 43. Qc5+ Rde7 44. Rg4 Rg7 45. Qc8+ Kf7 46. Rf4 Rh7 47. Ka2 h3 48. Qf5 Rh6 49. Qd5+ Kf8 50. Rg4 Rg7 51. Rxg7 Kxg7 52. Qb7+ Kg6 53. Qe4+ Kg7 54. Qg4+ Kf8 55. Qc8+ Kg7 56. Qb7+ Kg6 57. Qe4+ Kg7 58. Qg4+ Kf7 59. Qd7+ Kg6 60. Qd3+ Kg7 61. Qg3+ Kf7 62. Qh2 Kg6 63. c4 bxc4 64. bxc4 Kf5 65. Qf2+ Kg5 66. Qg3+ Kf5 67. Qf3+ Kg6 68. Qg4+ Bg5 69. Qe6+ Kg7 70. Qe5+ Bf6 71. Qh2 Kg6 72. c5 Kf5 73. Qf2+ Kg6 74. Qg3+ Kf5 75. Qf3+ Kg6 76. Qg4+ Bg5 77. Qe4+ Kf6 78. Qc6+ Kf5 79. Qf3+ Bf4 80. Qd5+ Kg4 81. Qd1+ Kg3 82. Qg1+ Kf3 83. c6 h2 84. Qh1+ Kg3 85. Kb3 Rd6 86. Kc4 Re6 87. Kd5 Re2 88. b4 Rd2+ 89. Ke6 Re2+ 90. Kf5 Rf2 91. Kg6 Be3 92. c7 Rc2 93. Qb7 Rxc7 94. Qxc7+ Bf4 95. Qc3+ Kg2 96. Qc6+ Kg1 97. Qc5+ Kg2 98. Qd5+ Kg1 99. Qd4+ Kg2 100. Qe4+ Kg1 101. Qe1+ Kg2 102. Qe4+ Kg1 103. Qxf4 h1=Q 104. Qc1+ Kg2 105. Qxh1+ Kxh1 106. Kf5 Kg2 107. Ke5 Kf3 108. Kd5 Kf4 109. Kc5 Ke5 110. Kb6 Kd6 111. Kxa6 Kc7 112. Ka7 Kc6 113. Ka6 Kc7 114. b5 Kb8 115. Kb6 Ka8 116. Kc7 Ka7 117. b6+ Ka6 118. b7 1-0


[Site "https://www.chess.com"]

[Event "Titled Tuesday Blitz April 19 Early 2022"]
[White "Skliarov, Viktor"]
[Black "Demin, Vladimir"]
[WhiteFideId "14106736"]
[BlackFideId "4167457"]
[WhiteElo "2229"]
[BlackElo "2389"]
[Result "1-0"]
[Round "09"]
[TimeControl "180+1"]
[Date "2022.04.19"]
[WhiteClock "0:00:46"]
[BlackClock "0:00:56"]

1. e4 Nf6 2. Nc3 d5 3. exd5 Nxd5 4. Bc4 Nb6 5. Bb3 Nc6 6. Nf3 Bf5 7. d4 e6 8. a4 Bb4 9. O-O h6 10. d5 Na5 11. dxe6 Nxb3 12. exf7+ Kxf7 13. cxb3 Qxd1 14. Rxd1 Bc2 15. Rd4 Bxc3 16. bxc3 Bxb3 17. a5 Nc4 18. Rd7+ Kf6 19. Rxc7 Nd6 20. Bf4 Nf5 21. Be5+ Kg6 22. g4 Bd5 23. Nd4 Rae8 24. gxf5+ Kh5 25. f4 Rhg8 26. Kf2 1-0


[Site "https://www.chess.com"]

[Event "Titled Tuesday Blitz April 19 Early 2022"]
[White "Skytte, Rasmus"]
[Black "Namitbir Singh Walia"]
[WhiteFideId "1404210"]
[BlackFideId "35071068"]
[WhiteElo "2430"]
[BlackElo "1565"]
[Result "0-1"]
[Round "09"]
[TimeControl "180+1"]
[Date "2022.04.19"]
[WhiteClock "0:01:18"]
[BlackClock "0:01:41"]

1. e4 c5 2. Nf3 Nc6 3. d4 cxd4 4. Nxd4 g6 5. c4 Nf6 6. Nc3 Nxd4 7. Qxd4 d6 8. Be3 Bg7 9. O-O-O O-O 10. Qd2 Be6 11. f3 Qa5 12. g4 Rfc8 13. b3 Nxg4 14. Bd4 Ne5 15. f4 Nf3 16. Qe3 Nxd4 17. Rxd4 Bxd4 18. Qxd4 b5 19. Nxb5 Qxb5 20. Bd3 Qc5 21. Rf1 Qxd4 22. f5 Qxd3 23. fxe6 Qxf1+ 24. Kc2 Rxc4+ 25. Kb2 Qc1# 0-1


[Site "https://www.chess.com"]

[Event "Titled Tuesday Blitz April 19 Early 2022"]
[White "Sliwicki, Damian"]
[Black "Ambartsumova, Karina"]
[WhiteFideId "1127128"]
[BlackFideId "4166299"]
[WhiteElo "2084"]
[BlackElo "2262"]
[Result "0-1"]
[Round "09"]
[TimeControl "180+1"]
[Date "2022.04.19"]
[WhiteClock "0:00:13"]
[BlackClock "0:01:31"]

1. e4 e5 2. Nf3 Nc6 3. d4 exd4 4. Bc4 Nf6 5. O-O Nxe4 6. Re1 d5 7. Bxd5 Qxd5 8. Nc3 Qh5 9. Nxe4 Be6 10. Bg5 Be7 11. Bxe7 Nxe7 12. Qxd4 O-O 13. Neg5 Nd5 14. Nxe6 fxe6 15. Rxe6 Nf4 16. Re7 Qg4 17. g3 Nh3+ 18. Kg2 Nf4+ 19. Kg1 Rad8 20. Qc4+ Kh8 21. Ne5 Nh3+ 22. Kh1 Nxf2+ 23. Kg1 Rd1+ 24. Rxd1 Qxd1+ 25. Qf1 Nh3+ 0-1


[Site "https://www.chess.com"]

[Event "Titled Tuesday Blitz April 19 Early 2022"]
[White "Soucek, Petr"]
[Black "Baches Garcia, Guillermo"]
[WhiteFideId "23715170"]
[BlackFideId "2209764"]
[WhiteElo "1979"]
[BlackElo "2497"]
[Result "0-1"]
[Round "09"]
[TimeControl "180+1"]
[Date "2022.04.19"]
[WhiteClock "0:00:11"]
[BlackClock "0:00:08"]

1. e4 c5 2. Nf3 d6 3. d4 cxd4 4. Qxd4 Nc6 5. Qe3 g6 6. Be2 Bh6 7. Qc3 Qa5 8. Qxa5 Nxa5 9. Bxh6 Nxh6 10. Nc3 Be6 11. O-O-O Ng4 12. Rhf1 Nc4 13. h3 Nge5 14. Nxe5 Nxe5 15. f4 Nc6 16. f5 Bd7 17. f6 Be6 18. fxe7 Kxe7 19. Bg4 Ne5 20. Bxe6 fxe6 21. Rd2 Rhf8 22. Rdf2 Rxf2 23. Rxf2 Rc8 24. Rf4 b5 25. Rh4 h5 26. Nxb5 Rf8 27. b3 Rf2 28. g3 Nf3 29. Rf4 e5 30. Rxf3 Rxf3 31. Nxa7 Rxg3 32. a4 Kd7 33. a5 Kc7 34. b4 Rxh3 35. Kb2 h4 36. b5 Re3 37. b6+ Kb7 38. Nb5 h3 39. Nxd6+ Kc6 40. b7 Kc7 41. a6 Kb8 42. Nc4 Rxe4 43. Na5 Rb4+ 44. Kc3 Rxb7 45. axb7 h2 46. Nc6+ Kxb7 47. Nxe5 h1=Q 48. Nd3 g5 49. Kd4 g4 50. c4 g3 51. Nf4 g2 52. Nxg2 Qxg2 53. Kc5 Kc7 54. Kb4 Qf3 55. c5 Qe4+ 56. Kb5 Qd5 57. Ka6 Kc6 58. Ka7 Kxc5 59. Kb8 Qb3+ 60. Ka7 Kc6 61. Ka8 Qb7# 0-1


[Site "https://www.chess.com"]

[Event "Titled Tuesday Blitz April 19 Early 2022"]
[White "SsanderSseverino"]
[Black "Gharibyan, Mamikon"]
[BlackFideId "13308300"]
[WhiteElo "2541"]
[BlackElo "2254"]
[Result "1/2-1/2"]
[Round "09"]
[TimeControl "180+1"]
[Date "2022.04.19"]
[WhiteClock "0:00:08"]
[BlackClock "0:00:08"]

1. d4 d5 2. Bg5 c5 3. dxc5 Qa5+ 4. Nc3 e6 5. e4 dxe4 6. Qd2 Bxc5 7. Nxe4 Qxd2+ 8. Bxd2 Be7 9. Bc3 Nf6 10. Nxf6+ gxf6 11. Nf3 Bd7 12. O-O-O Rg8 13. g3 Bc6 14. Be2 Nd7 15. Rhe1 e5 16. Nh4 Bc5 17. f4 O-O-O 18. fxe5 Nxe5 19. Rxd8+ Rxd8 20. Rf1 Be3+ 21. Kb1 Bg5 22. Nf5 Be4 23. h4 Bd2 24. Nd4 Bxc3 25. bxc3 Rd6 26. Rf4 Bd5 27. a4 a6 28. Bd3 Ng6 29. Rf2 Rb6+ 30. Kc1 Kd8 31. Rf5 Rd6 32. Rh5 Ne5 33. Rxh7 Nc6 34. Nf5 Re6 35. Rh8+ Kc7 36. Kd2 Re5 37. Ne3 Be6 38. Rg8 Ra5 39. h5 Ne7 40. Rg7 Rxh5 41. c4 Rh2+ 42. Kc3 Nc6 43. Bf5 Kd6 44. Bxe6 fxe6 45. Ng4 Rg2 46. Nxf6 Ne5 47. Ne4+ Kc6 48. Kd4 Nf3+ 49. Ke3 Ne1 50. c5 Nxc2+ 51. Kf4 Nd4 52. Ke5 Nf3+ 53. Kxe6 Re2 54. Kf5 Nd4+ 55. Ke5 Nb3 56. Rg6+ Kc7 57. Rg7+ Kc6 58. Rg6+ Kd7 59. Kd5 Na5 60. Rg7+ Kc8 61. Nd6+ Kb8 62. g4 Rd2+ 63. Ke5 Rc2 64. Kd4 Ra2 65. g5 Rxa4+ 66. Kd5 Rg4 67. Rg8+ Kc7 68. Rg7+ Kb8 69. g6 Rg1 70. Rg8+ Kc7 71. g7 Nc6 72. Rc8+ Kd7 73. g8=Q Ne7+ 74. Kc4 Rxg8 75. Rxg8 Nxg8 76. Nxb7 Ne7 77. Na5 Nc6 78. Nxc6 Kxc6 79. Kb4 a5+ 80. Kxa5 Kxc5 1/2-1/2


[Site "https://www.chess.com"]

[Event "Titled Tuesday Blitz April 19 Early 2022"]
[White "Stelmaszyk, Nico"]
[Black "Le Ruyet, Leopold"]
[WhiteFideId "16200462"]
[BlackFideId "645923"]
[WhiteElo "2119"]
[BlackElo "2276"]
[Result "1/2-1/2"]
[Round "09"]
[TimeControl "180+1"]
[Date "2022.04.19"]
[WhiteClock "0:02:15"]
[BlackClock "0:00:26"]

1. e4 e5 2. Bc4 Nf6 3. d4 exd4 4. Nf3 Nc6 5. O-O Nxe4 6. Re1 d5 7. Nc3 Be6 8. Bxd5 Bxd5 9. Nxe4 Be7 10. Nxd4 O-O 11. Nxc6 Bxc6 12. Qxd8 Rfxd8 13. Bg5 f6 14. Bf4 Rd7 15. Nc3 Bb4 16. Rad1 Rad8 17. Rxd7 Rxd7 18. Rd1 Bxc3 19. Rxd7 Bxd7 20. bxc3 Be6 21. a3 c6 22. Kf1 Bf5 23. Be3 a5 24. Bb6 a4 25. Ke2 Bxc2 26. Ke3 Kf7 27. g3 Ke6 28. Kd4 h5 29. f4 g5 30. fxg5 fxg5 31. Ba7 Kd6 32. Bb6 Ke6 33. Ba7 h4 34. gxh4 gxh4 35. Bb6 Kf5 36. Ke3 Kg4 37. Bc7 Kf5 38. Kd4 Bb3 39. Kc5 Ke4 40. Kb6 Kd3 41. Kxb7 Kxc3 42. Kxc6 Kb2 43. Bd6 Bd1 44. Bb4 Bb3 45. Kd6 Bd1 46. Ke5 Bb3 47. Kf4 h3 48. Kg5 Be6 49. Kh4 Bc8 50. Kg3 Bd7 51. Kf2 Bc8 52. Ke3 Bd7 53. Kd4 Bc8 54. Ke5 Bd7 55. Kd6 Bc8 56. Ke7 Bg4 57. Kd8 Bf5 58. Kc7 Bg4 59. Kb8 Bf5 60. Ka7 Kb3 61. Kb6 Bg4 62. Kc5 Bf5 63. Kd6 Bg4 64. Ke5 Bc8 65. Kd4 Bd7 66. Ke3 Bc8 67. Kd2 Bd7 68. Kd3 Bc8 69. Kd4 Bd7 70. Kd5 Bc8 71. Ke5 Bg4 72. Kd6 Bf5 73. Ke7 Bg4 74. Kd8 Bf5 75. Ke7 Bg4 76. Kf6 Bc8 77. Ke5 Bd7 78. Kf4 1/2-1/2


[Site "https://www.chess.com"]

[Event "Titled Tuesday Blitz April 19 Early 2022"]
[White "Svane, Rasmus"]
[Black "Andreikin, Dmitry"]
[WhiteFideId "4657101"]
[BlackFideId "4158814"]
[WhiteElo "2645"]
[BlackElo "2736"]
[Result "1-0"]
[Round "09"]
[TimeControl "180+1"]
[Date "2022.04.19"]
[WhiteClock "0:00:02"]
[BlackClock "0:00:01"]

1. Nf3 d5 2. g3 Nf6 3. Bg2 Bg4 4. O-O e6 5. h3 Bh5 6. d4 c6 7. c4 Nbd7 8. cxd5 exd5 9. Ne5 Bg6 10. Nc3 Bd6 11. f4 Be4 12. Nxe4 Nxe4 13. Bxe4 dxe4 14. Qb3 O-O 15. Qxb7 Nf6 16. Nxc6 Qe8 17. Ne5 Rc8 18. Qb3 Rc7 19. Be3 Qa8 20. Rac1 Rb8 21. Qa4 Rxb2 22. Rxc7 Bxc7 23. Rc1 Qb7 24. Qc6 Qxc6 25. Rxc6 Nd5 26. Rc5 Nxe3 27. Rxc7 g6 28. Kf2 Nf5 29. d5 Nd4 30. Ke3 Nf5+ 31. Kxe4 Rxe2+ 32. Kf3 Rxa2 33. g4 Ra3+ 34. Kf2 Ra2+ 35. Ke1 Ne3 36. d6 Ng2+ 37. Kd1 Nxf4 38. d7 Ne6 39. Rc8+ Kg7 40. d8=Q Nxd8 41. Rxd8 Ra3 42. Rd7 Kf6 43. Nd3 Ke6 44. Rd4 f5 45. g5 f4 46. Nxf4+ Ke5 47. Rc4 Rf3 48. Ne2 Rxh3 49. Kd2 Kf5 50. Rc5+ Kg4 51. Ra5 Rh5 52. Nd4 1-0


[Site "https://www.chess.com"]

[Event "Titled Tuesday Blitz April 19 Early 2022"]
[White "Tasev, Dejan"]
[Black "Chigaev, Maksim"]
[WhiteFideId "936618"]
[BlackFideId "4108116"]
[WhiteElo "2253"]
[BlackElo "2478"]
[Result "0-1"]
[Round "09"]
[TimeControl "180+1"]
[Date "2022.04.19"]
[WhiteClock "0:00:15"]
[BlackClock "0:01:23"]

1. e4 c5 2. Nf3 d6 3. Nc3 a6 4. d4 cxd4 5. Nxd4 Nf6 6. Bc4 e6 7. Bb3 Nbd7 8. f3 Nc5 9. Be3 Qc7 10. Qd2 b5 11. a3 h5 12. O-O Bb7 13. Rfd1 Be7 14. Qf2 O-O 15. Ba2 Rac8 16. Rac1 Rfe8 17. Qg3 Bf8 18. Kh1 Ncd7 19. Nce2 d5 20. e5 Qxe5 21. Bf4 h4 22. Bxe5 hxg3 23. Bxg3 g6 24. c3 e5 25. Nb3 Bh6 26. Rc2 d4 27. Na5 Bd5 28. c4 Be6 29. b4 d3 30. Rxd3 Bf5 31. Rdc3 Bxc2 32. Rxc2 bxc4 33. Nc3 e4 34. fxe4 Nxe4 35. Nxe4 Rxe4 36. h3 Nb6 37. Bf2 Be3 38. Bxe3 Rxe3 39. Nxc4 Nxc4 40. Bxc4 Kg7 41. Re2 Rxa3 42. Bd5 Rd8 43. Bc4 Rd4 44. Rc2 Rd6 45. Rf2 f5 46. Re2 Kf6 47. Re8 Rc3 48. Be2 Rb3 49. Ra8 Rxb4 50. Rxa6 Rxa6 51. Bxa6 Rb3 52. Kh2 Rb2 53. Kg3 g5 54. Bc4 Rc2 55. Bd5 Ke5 56. Bf3 Rc3 57. Kf2 Ra3 58. Kg3 Ra2 59. Bc6 Kd4 60. Bd7 Ra3+ 61. Kf2 Ke4 62. g3 Ra2+ 63. Kg1 Kf3 64. Bxf5 Kxg3 0-1


[Site "https://www.chess.com"]

[Event "Titled Tuesday Blitz April 19 Early 2022"]
[White "Todorovic, Bojan"]
[Black "Urbina Perez, Juan Antonio"]
[WhiteFideId "917087"]
[BlackFideId "2217368"]
[WhiteElo "2266"]
[BlackElo "2192"]
[Result "1-0"]
[Round "09"]
[TimeControl "180+1"]
[Date "2022.04.19"]
[WhiteClock "0:00:10"]
[BlackClock "0:00:59"]

1. d4 Nf6 2. Bg5 e6 3. Nc3 d5 4. e4 Bb4 5. e5 h6 6. Bd2 Bxc3 7. bxc3 Ne4 8. Bd3 Nxd2 9. Qxd2 c5 10. f4 Qa5 11. Nf3 cxd4 12. cxd4 Qxd2+ 13. Kxd2 g6 14. g4 Bd7 15. f5 gxf5 16. gxf5 exf5 17. Nh4 Nc6 18. c3 Rg8 19. Rhg1 Ke7 20. Bxf5 Na5 21. Bxd7 Kxd7 22. Nf5 Nc4+ 23. Kd3 Ke6 24. Ng7+ Kd7 25. Raf1 Raf8 26. Rf6 Nb2+ 27. Kc2 Nc4 28. Rg3 b6 29. Rxh6 Ne3+ 30. Kd3 Rxg7 31. Rxg7 Nf5 32. Rhh7 Nxg7 33. Rxg7 Ke6 34. Rh7 Rg8 35. Rh6+ Ke7 36. Rc6 Kd7 37. Rf6 Ke7 38. Rf2 Rh8 39. Kc2 Rh3 40. Kb3 Ke8 41. Kb4 Ke7 42. Kb5 Rxc3 43. Ka6 Ra3+ 44. Kb7 Ra4 45. Rd2 Ke6 46. h4 Ra3 47. h5 Rh3 48. Kxa7 Rxh5 49. Kxb6 Rh3 50. a4 Rb3+ 51. Kc5 Ra3 52. Kb4 Ra1 53. Rd3 Rb1+ 54. Rb3 Rc1 55. Kb5 Rc4 56. Rb4 Rc8 57. a5 Rb8+ 58. Ka4 Ra8 59. Rb6+ Kf5 60. Rf6+ Ke4 61. Rxf7 Kxd4 62. e6 Ke5 63. e7 Re8 64. Kb5 d4 65. Kc6 Ke6 66. Rh7 d3 67. Rh3 Rxe7 68. Rxd3 Rh7 69. Re3+ Kf5 70. a6 Rh6+ 71. Kb5 Kf4 72. Re8 Rh5+ 73. Kb4 Rh1 74. a7 Rb1+ 75. Kc5 Rc1+ 76. Kd4 Rd1+ 77. Kc3 Rc1+ 78. Kd2 Ra1 79. a8=Q 1-0


[Site "https://www.chess.com"]

[Event "Titled Tuesday Blitz April 19 Early 2022"]
[White "Tristan, Leonardo"]
[Black "Tologon tegin, Semetei"]
[WhiteFideId "113816"]
[BlackFideId "13800574"]
[WhiteElo "2404"]
[BlackElo "2258"]
[Result "0-1"]
[Round "09"]
[TimeControl "180+1"]
[Date "2022.04.19"]
[WhiteClock "0:00:03"]
[BlackClock "0:00:51"]

1. d4 Nf6 2. Nf3 e6 3. Bf4 b6 4. e3 Bb7 5. Nbd2 c5 6. c3 cxd4 7. exd4 Ba6 8. Bxa6 Nxa6 9. O-O Nc7 10. Nc4 d6 11. a4 Be7 12. Qd3 O-O 13. Rfe1 Qd7 14. h4 h6 15. Ne3 Nfd5 16. Nxd5 Nxd5 17. Bd2 Rfc8 18. c4 Nf6 19. b4 a6 20. Re3 Rc7 21. Qe2 Rac8 22. Rc3 Qc6 23. Rcc1 Qe4 24. Qf1 Ng4 25. c5 bxc5 26. dxc5 dxc5 27. Qxa6 cxb4 28. Qxc8+ Rxc8 29. Rxc8+ Kh7 30. a5 b3 31. Bc3 Qc2 32. Rf1 b2 33. Nd4 Qc1 34. Bxb2 Qxc8 35. Ra1 Qa6 36. Bc3 Bc5 37. g3 e5 38. Nf5 Bxf2+ 39. Kg2 h5 40. Ra2 Qc6+ 41. Kf1 Qc4+ 42. Kg2 Qxa2 43. a6 Bd4+ 44. Kf3 Qd5+ 45. Ke2 Qe4+ 46. Kd1 Qd3+ 47. Kc1 Bxc3 48. a7 Qd2+ 49. Kb1 Qb2# 0-1


[Site "https://www.chess.com"]

[Event "Titled Tuesday Blitz April 19 Early 2022"]
[White "Van den Dikkenberg, Erik"]
[Black "D`Arruda, Ricardo D."]
[WhiteFideId "1005880"]
[BlackFideId "100692"]
[WhiteElo "2118"]
[BlackElo "2407"]
[Result "1-0"]
[Round "09"]
[TimeControl "180+1"]
[Date "2022.04.19"]
[WhiteClock "0:00:13"]
[BlackClock "0:00:27"]

1. e4 c5 2. Nc3 e6 3. f4 d6 4. Nf3 Nf6 5. Bb5+ Nbd7 6. O-O a6 7. Bxd7+ Bxd7 8. d3 Be7 9. Kh1 O-O 10. Qe1 Bc6 11. Qg3 Re8 12. Bd2 d5 13. e5 Nd7 14. Rae1 Nf8 15. f5 exf5 16. Bg5 Ne6 17. Bxe7 Qxe7 18. Nh4 f4 19. Qh3 g6 20. Ne2 Qg5 21. Nf3 Qe7 22. Qg4 g5 23. h4 h6 24. d4 cxd4 25. Nexd4 Nxd4 26. Nxd4 Bd7 27. Qh5 Kg7 28. e6 Qf6 29. exd7 Rxe1 30. Rxe1 Rd8 31. Nf3 Rxd7 32. hxg5 hxg5 33. Qxg5+ Qxg5 34. Nxg5 Rc7 35. c3 d4 36. cxd4 Rc2 37. Rb1 Rd2 38. Nf3 Rc2 39. Kg1 Kg6 40. Kf1 Kf5 41. Ne5 Ke4 42. Nxf7 Kxd4 43. Nd6 Ke3 44. Nf5+ Ke4 45. Nh4 Ke3 46. Nf3 Rf2+ 47. Kg1 Rc2 48. a3 b5 49. b4 Ra2 50. Rb3+ Ke2 51. Nd4+ Kd2 52. Nc6 Kc2 53. Rf3 Kb2 54. Rxf4 Kxa3 55. Nb8 Rb2 56. Nxa6 1-0


[Site "https://www.chess.com"]